 Dungeon Crawl Stone Soup version 0.29.1-15-g9cfb28693d (webtiles) character file.

Game seed: 9680847208836833891

425 jtron the Twirler (level 6, -2/47 HPs)
             Began as a Gnoll Wanderer on Mar 3, 2023.
             Slain by an adder (3 damage)
             ... on level 4 of the Dungeon.
             The game lasted 00:07:32 (4334 turns).

jtron the Twirler (Gnoll Wanderer)                  Turns: 4334, Time: 00:07:33

Health: -2/47      AC: 10    Str:  8 (11) XL:     6   Next: 96%
Magic:  9/9        EV:  4    Int: 10 (11) God:
Gold:   157        SH:  0    Dex: 17 (20) Spells: 9/9 levels left

rFire   . . .      SeeInvis .   a - +2 hand axe
rCold   . . .      Faith    .   (no shield)
rNeg    . . .      Spirit   .   u - +1 chain mail {Will+}
rPois   .          Reflect  .   (no helmet)
rElec   .          Harm     .   (no cloak)
rCorr   .          Rampage  .   o - +0 pair of gloves
Will    +....                   (no boots)
Stlth   ..........              (no amulet)
HPRegen 0.15/turn               r - +6 ring of dexterity
MPRegen 0.11/turn               (no ring)

@: lethally poisoned (-2 -> -4), on berserk cooldown, slowed, very slow
A: fangs 1, strong nose, distributed training
a: no special abilities


You were on level 4 of the Dungeon.
You visited 1 branch of the dungeon, and saw 5 of its levels.

You collected 157 gold pieces.

Inventory:

Hand Weapons
 a - a +2 hand axe (weapon)
 b - a +0 sling
 m - a +0 quarterstaff
Missiles
 i - 4 datura-tipped darts
 l - 28 stones
 p - 2 poisoned darts (quivered)
Armour
 c - a +0 pair of gloves
 e - a +0 robe
 o - a +0 pair of gloves (worn)
 u - a +1 chain mail of willpower (worn)
Jewellery
 r - a +6 ring of dexterity (left hand)
Scrolls
 g - a scroll of amnesia
Potions
 f - a potion of brilliance {unknown}
 h - a potion of flight {unknown}
 j - a potion of mutation
 k - a potion of resistance {unknown}
 n - a potion of magic {unknown}
 s - a potion of cancellation {unknown}
 t - a potion of attraction {unknown}


   Skills:
 + Level 3.4 Fighting
 + Level 2.2 Short Blades
 + Level 2.2 Long Blades
 + Level 6.9 Axes
 + Level 2.2 Maces & Flails
 + Level 2.2 Polearms
 + Level 6.9 Staves
 + Level 2.2 Ranged Weapons
 + Level 2.2 Throwing
 + Level 2.2 Armour
 + Level 3.4 Dodging
 + Level 4.8 Stealth
 + Level 2.2 Shields
 + Level 2.2 Unarmed Combat
 + Level 2.2 Spellcasting
 + Level 1.8 Conjurations
 + Level 1.8 Hexes
 + Level 1.8 Summonings
 + Level 1.8 Necromancy
 + Level 1.8 Translocations
 + Level 1.8 Transmutations
 + Level 1.8 Fire Magic
 + Level 1.8 Ice Magic
 + Level 1.8 Air Magic
 + Level 1.8 Earth Magic
 + Level 1.8 Poison Magic
 + Level 2.5 Invocations
 + Level 2.2 Evocations


You had 9 spell levels left.
You didn't know any spells.
Your spell library contained the following spells:

 Spells                   Type           Power      Damage    Failure   Level
 Leda's Liquefaction      Hex/Erth       2%         N/A       100%        4
 Lee's Rapid Deconstruct  Erth           2%         3d5*      100%        5
 Statue Form              Tmut/Erth      2%         N/A       100%        6


Dungeon Overview and Level Annotations

Branches:
Dungeon (5/15)
 Temple: D:4-7

Altars:

Portals:
Abyss: D:3

Annotations:
D:3 2 transporters, sigtrap's ghost, amateur BaHu


Innate Abilities, Weirdness & Mutations

You have very sharp teeth.
Your uncanny sense of smell can sniff out nearby items.
Your experience applies equally to all skills.


Message History

The adder bites you.
* * * LOW HITPOINT WARNING * * *
The adder closely misses you.
It was a potion of mutation.
You feel extremely strange.
Your connection to magic feels subdued.
Your magic regains its normal vibrancy.
The adder bites you.
* * * LOW HITPOINT WARNING * * *
The ball python bites you but does no damage.
The ball python grabs you. The ball python constricts you.
The adder bites you but does no damage.
The ball python bites you but does no damage.
The ball python constricts you.
The ball python's grasp on you weakens, but your attempt to escape fails.
The adder bites you but does no damage.
The ball python bites you but does no damage.
The ball python constricts you. The adder bites you but does no damage.
You hit the adder. Your bite misses the adder.
The adder is heavily wounded.
You slash the ball python!
You kill the ball python!
The adder bites you but does no damage. The adder bites you.
* * * LOW HITPOINT WARNING * * *
You are lethally poisoned!
The adder poisons you!
* * * LOW HITPOINT WARNING * * *
You feel very sick. The adder bites you.
* * * LOW HITPOINT WARNING * * *
The adder bites you but does no damage.
You see here a ball python corpse.
You hit the adder.
The adder is severely wounded.
* * * LOW HITPOINT WARNING * * *
You feel sick. The adder barely misses you. x2
It was a potion of degeneration.
There was something very wrong with that liquid.
You feel weakened.
You feel dopey.
You feel clumsy.
* * * LOW HITPOINT WARNING * * *
You feel sick. The adder bites you.
You die...

...........#.......
#............#.###.
###.##########.#.###.
#...........##....... .###
#.#.#######.##.###.#.
.....#)#.# #.##.# .#.
.#.(...#######.##.###.#.
......#..S..>..).....##.#.
....#.....@######.##..#....
..( #.###..# #.##....# ..
... #..# ###.###..<# . ####
...# #.......### ?##.#
######### #$ #.# # #.# ∆
### ∆


You could see an adder.

Vanquished Creatures
  An ogre (D:4)
  A phantom (D:5)
  A scorpion (D:5)
  A hound (D:5)
  An iguana (D:5)
  5 adders
  A shadow imp (D:5)
  An ufetubus (D:5)
  2 worms (D:3)
  4 dart slugs
  3 orcs
  7 endoplasms
  3 giant cockroaches
  8 goblins
  9 hobgoblins
  5 jackals (D:2)
  7 quokkas
  4 ball pythons
  A bat (D:1)
  3 frilled lizards
  4 kobolds
  5 rats
77 creatures vanquished.

Vanquished Creatures (others)
  9 toadstools (D:4)
9 creatures vanquished.

Grand Total: 86 creatures vanquished

Notes
Turn   | Place    | Note
-------+----------+-------------------------------------------
     0 | D:1      | jtron the Gnoll Wanderer began the quest for the Orb.
     0 | D:1      | jtron set off with the following items: a +2 hand axe, a +0
                  | quarterstaff, a +0 pair of gloves, a potion of berserk
                  | rage, a +0 robe.
     0 | D:1      | Reached XP level 1. HP: 17/17 MP: 1/1
    82 | D:1      | Reached XP level 2. HP: 23/23 MP: 2/2
   450 | D:1      | Found a faded altar of an unknown god.
   783 | D:1      | Reached XP level 3. HP: 28/28 MP: 3/3
  1322 | D:2      | Reached skill level 1 in Invocations
  1488 | D:2      | Reached skill level 1 in Short Blades
  1488 | D:2      | Reached skill level 1 in Long Blades
  1488 | D:2      | Reached skill level 1 in Maces & Flails
  1488 | D:2      | Reached skill level 1 in Polearms
  1488 | D:2      | Reached skill level 1 in Ranged Weapons
  1488 | D:2      | Reached skill level 1 in Throwing
  1488 | D:2      | Reached skill level 1 in Armour
  1488 | D:2      | Reached skill level 1 in Shields
  1488 | D:2      | Reached skill level 1 in Unarmed Combat
  1488 | D:2      | Reached skill level 1 in Spellcasting
  1488 | D:2      | Reached skill level 1 in Evocations
  1874 | D:2      | Reached XP level 4. HP: 34/34 MP: 5/5
  2096 | D:3      | You fall into a shaft and drop 2 floors!
  2096 | D:5      | Entered Level 5 of the Dungeon
  2120 | D:5      | Noticed a phantom
  2216 | D:5      | Killed a phantom
  2217 | D:5      | Reached skill level 1 in Conjurations
  2217 | D:5      | Reached skill level 1 in Hexes
  2217 | D:5      | Reached skill level 1 in Summonings
  2217 | D:5      | Reached skill level 1 in Necromancy
  2217 | D:5      | Reached skill level 1 in Translocations
  2217 | D:5      | Reached skill level 1 in Transmutations
  2217 | D:5      | Reached skill level 1 in Fire Magic
  2217 | D:5      | Reached skill level 1 in Ice Magic
  2217 | D:5      | Reached skill level 1 in Air Magic
  2217 | D:5      | Reached skill level 1 in Earth Magic
  2217 | D:5      | Reached skill level 1 in Poison Magic
  2217 | D:5      | Reached XP level 5. HP: 29/41 MP: 5/7
  2370 | D:5      | Reached XP level 6. HP: 7/47 MP: 8/8
  2702 | D:5      | Noticed a black bear
  2920 | D:3      | Found a one-way gate to the infinite horrors of the Abyss.
  2920 | D:3      | Noticed sigtrap's ghost (amateur BaHu)
  3312 | D:3      | Found a transporter.
  3588 | D:3      | Noticed a small abomination
  4060 | D:3      | Found a transporter.
  4329 | D:4      | Gained mutation: Your spells are a little easier to cast,
                  | but a little less powerful. [potion of mutation]
  4329 | D:4      | Lost mutation: Your spells are a little easier to cast, but
                  | a little less powerful. [potion of mutation]
  4334 | D:4      | HP: 1/47 [poisoned by an adder]
  4334 | D:4      | Slain by an adder

Illustrated notes

Levels and vault maps discovered:
D:1:      dpeg_arrival_pits, layout_basic, ebering_ecumenical_altar_ruins,
          minmay_misc_feat_secret_circle, minmay_pentomino_z2
D:2:      layout_basic
D:3:      layout_basic, gammafunk_ghost_abyssal_escape, minmay_quadrilaterals
D:4:      cheibrodos_fertilizer, layout_loops_ring,
          minmay_temple_entry_glassed_door
D:5:      layout_basic, serial_shops, shop, uniq_blork_the_orc

Skill      XL: |  1  2  3  4  5  6 |
---------------+-------------------+-----
Invocations    | 1 2 |  2.5
Short Blades   | 1 2 |  2.2
Long Blades    | 1 2 |  2.2
Maces & Flails | 1 2 |  2.2
Polearms       | 1 2 |  2.2
Ranged Weapons | 1 2 |  2.2
Throwing       | 1 2 |  2.2
Armour         | 1 2 |  2.2
Shields        | 1 2 |  2.2
Unarmed Combat | 1 2 |  2.2
Spellcasting   | 1 2 |  2.2
Evocations     | 1 2 |  2.2
Fighting       | 3 |  3.4
Dodging        | 3 |  3.4
Conjurations   | 1 |  1.8
Hexes          | 1 |  1.8
Summonings     | 1 |  1.8
Necromancy     | 1 |  1.8
Translocations | 1 |  1.8
Transmutations | 1 |  1.8
Fire Magic     | 1 |  1.8
Ice Magic      | 1 |  1.8
Air Magic      | 1 |  1.8
Earth Magic    | 1 |  1.8
Poison Magic   | 1 |  1.8
Axes           | |  6.9
Staves         | |  6.9
Stealth        | |  4.8

Action                   |  1- 3 |  4- 6 || total
-------------------------+-------+-------++-------
Melee: Hand axe          |    99 |   115 ||   214
       Punch             |     2 |       ||     2
       Bite              |     8 |    11 ||    19
 Fire: Sling             |    19 |    20 ||    39
Throw: Stone             |       |     4 ||     4
       Dart              |       |     9 ||     9
  Use: Scroll            |     3 |     2 ||     5
       Potion            |       |     6 ||     6
 Stab: Sleeping          |    12 |     1 ||    13
Armor: Robe              |    23 |     7 ||    30
       Chain mail        |       |    30 ||    30
Dodge: Dodged            |    54 |    54 ||   108
